 Dungeon Crawl Stone Soup version 0.21.0-25-ge575cb9 (webtiles) character file.

832 Mgcat the Insei (level 7, -1/52 HPs)
             Began as a White Draconian Transmuter on Jan 23, 2018.
             Slain by an orc warrior
             ... wielding a +0 trident
              (19 damage)
             ... on level 6 of the Dungeon.
             The game lasted 00:22:14 (7828 turns).

Mgcat the Insei (White Draconian Transmuter)        Turns: 7828, Time: 00:22:15

Health: -1/52      AC:  6    Str: 12    XL:     7   Next: 65%
Magic:  10/10      EV: 11    Int: 14    God:
Gold:   321        SH:  0    Dex: 13    Spells: 3/11 levels left

rFire    . . .     SeeInvis .     - Unarmed
rCold    + . .     Gourm    .   (no shield)
rNeg     . . .     Faith    .   (armour unavailable)
rPois    .         Spirit   .   (helmet restricted)
rElec    .         Reflect  .   (no cloak)
rCorr    .         Harm     .   (no gloves)
MR       .....                  (no boots)
Stlth    +.........             (no amulet)
HPRegen  0.17/turn              (no ring)
MPRegen  0.12/turn              (no ring)

@: appendage (expiring), very slightly contaminated, heavily drained
A: breathe frost, unfitting armour, horns 2, cold resistance 1, cold-blooded, AC
+6
a: Breathe Frost, End Transformation


You were on level 6 of the Dungeon.
You were not hungry.
You had grown temporary horns.
You visited 2 branches of the dungeon, and saw 7 of its levels.

You collected 321 gold pieces.

Inventory:

Hand Weapons
 k - a +3 hunting sling of velocity
Missiles
 a - 56 arrows
 h - 223 stones (quivered)
 s - 27 sling bullets
Jewellery
 l - a +3 amulet of reflection {unknown}
 q - an uncursed ring of resist corrosion {unknown}
Wands
 o - a wand of flame (32)
 t - a wand of acid (7)
 u - a wand of iceblast (4)
Scrolls
 e - a scroll of blinking
 f - a scroll of amnesia
 i - 3 scrolls of random uselessness
 j - a scroll of torment {unknown}
 m - 7 scrolls of remove curse
 p - 3 scrolls of identify {unknown}
 v - a scroll of enchant weapon
Potions
 d - 2 potions of cancellation {unknown}
 n - 2 potions of curing
 r - a potion of brilliance {unknown}
 x - a potion of ambrosia {unknown}
Books
 b - a book of Changes

   Spells                             Type                      Level
   a - Beastly Appendage              Transmutation                1
   b - Sticks to Snakes               Transmutation                2
   c - Spider Form                    Transmutation/Poison         3
   d - Ice Form                       Ice/Transmutation            4
   e - Blade Hands                    Transmutation                5
Comestibles
 c - 15 rations
 w - a chunk of flesh


   Skills:
 - Level 1.1(0.0) Fighting
 - Level 1.0(0.0) Slings
 - Level 1.7(0.6) Dodging
 + Level 6.4(5.1) Unarmed Combat
 + Level 2.6(1.5) Spellcasting
 + Level 5.1(3.8) Transmutations
 + Level 4.2(3.0) Ice Magic


You had 3 spell levels left.
You knew the following spells:

 Your Spells              Type           Power        Failure   Level  Hunger
a - Beastly Appendage     Tmut           ##....       4%          1    ##.....
b - Spider Form           Tmut/Pois      #.........   34%         3    ####...
c - Ice Form              Ice/Tmut       ##......     52%         4    #####..


Dungeon Overview and Level Annotations

Branches:
Dungeon (6/15)             Temple (1/1) D:5

Altars:
Ashenzari
Cheibriados
Dithmenos
Elyvilon
Fedhas
Gozag
Hepliaklqana
Kikubaaqudgha
Makhleb
Nemelex Xobeh
Qazlal
Ru
Sif Muna
Trog
Wu Jian
Xom
Yredelemnul
Zin
The Shining One

Shops:
D:5 ?


Innate Abilities, Weirdness & Mutations

You can breathe waves of freezing cold.
You can buffet flying creatures when you breathe cold.
Your icy white scales are hard. (AC +6)
You cannot fit into any form of body armour.
Your flesh is cold resistant. (rC+)
You are cold-blooded and may be slowed by cold attacks.
You have a pair of horns on your head.


Message History

The orc warrior hits you with a trident!
You see here a tomahawk.
You hit the orc warrior.
The orc warrior is lightly wounded.
The orc warrior misses you.
You closely miss the orc warrior.
The orc warrior is lightly wounded.
The orc warrior hits you with a trident!
Blink to where?
Press: ? - help, Dir - move target cursor You are very lightly contaminated with residual magic.
As you read the scroll of blinking, it crumbles to dust.
An orc comes into view.
As you read the scroll of teleportation, it crumbles to dust.
You feel strangely unstable.
The orc warrior hits you but does no damage.
An orc comes into view. It is wielding a whip.
Your surroundings seem slightly different.
The orc warrior hits you from afar with a trident!!
You die...

### ##.## ##...## ##.....#
###
......##########.######.
..##......§...(o........
.. #.#########o.@....# .
#.# #o#.###.# ##'##
#o#(### ##...## #§#...#
##.....## #(###o#
#.......## #.# #o#
.........# #..).......#
.........+ ...........oo.#
.........####...##.#####.#


You could see an orc warrior, an orc priest and an orc.

Vanquished Creatures
  An ogre (D:5)
  A phantom (D:6)
  A bullfrog (D:6)
  A scorpion (D:6)
  4 wights (D:6)
  A bullfrog zombie (D:5)
  An iguana (D:5)
  An orc wizard (D:5)
  3 worker ants
  Robin (D:4)
  A worker ant zombie (D:6)
  A howler monkey skeleton (D:4)
  6 adders
  2 oozes (D:2)
  An adder zombie (D:5)
  An adder skeleton (D:4)
  4 worms
  3 dart slugs (D:2)
  2 leopard geckos
  9 orcs
  5 bats
  4 giant cockroaches
  18 goblins
  9 hobgoblins
  13 jackals
  2 quokkas
  6 frilled lizards
  4 kobolds
  5 rats
111 creatures vanquished.

Notes
Turn   | Place    | Note
-------+----------+-------------------------------------------
     0 | D:1      | Mgcat the Draconian Transmuter began the quest for the Orb.
     0 | D:1      | Reached XP level 1. HP: 16/16 MP: 3/3
   186 | D:1      | Reached XP level 2. HP: 18/23 MP: 5/5
   859 | D:1      | Reached skill level 4 in Unarmed Combat
  1243 | D:1      | Reached XP level 3. HP: 17/28 MP: 6/6
  1248 | D:1      | Learned a level 3 spell: Spider Form
  2457 | D:2      | Reached XP level 4. HP: 34/35 MP: 7/7
  3556 | D:3      | Reached skill level 1 in Slings
  3556 | D:3      | Reached XP level 5. HP: 10/40 MP: 8/8
  4020 | D:3      | Found a deep blue altar of Sif Muna.
  4050 | D:4      | Noticed Robin
  4094 | D:3      | Reached skill level 5 in Unarmed Combat
  4609 | D:4      | Killed Robin
  4778 | D:4      | Learned a level 4 spell: Ice Form
  5329 | D:5      | Entered Level 5 of the Dungeon
  5444 | D:5      | Reached skill level 1 in Ice Magic
  5657 | D:5      | Found a staircase to the Ecumenical Temple.
  5669 | Temple   | Entered the Ecumenical Temple
  5884 | D:5      | Found Istrav's Magic Scroll Shoppe.
  5885 | D:5      | Noticed an ogre
  5916 | D:5      | Reached XP level 6. HP: 37/47 MP: 9/9
  7023 | D:6      | Your scales start taking on an icy white colour.
  7023 | D:6      | Reached XP level 7. HP: 49/52 MP: 10/10
  7023 | D:6      | Gained mutation: Your flesh is cold resistant. (rC+) [White Draconian growth]
  7077 | D:6      | Reached skill level 6 in Unarmed Combat
  7416 | D:6      | Reached skill level 5 in Transmutations
  7828 | D:6      | Slain by an orc warrior

Skill      XL: |  1  2  3  4  5  6  7 |
---------------+----------------------+-----
Unarmed Combat | 4 5 6 |  6.4
Transmutations | 3 4 5 |  5.1
Slings         | 1 |  1.0
Ice Magic      | 1 3 4 |  4.2
Fighting       | |  1.1
Dodging        | |  1.7
Spellcasting   | |  2.6

Action                   |  1- 3 |  4- 6 |  7- 9 || total
-------------------------+-------+-------+-------++-------
Melee: Unarmed           |   181 |   166 |    34 ||   381
       Tailslap          |    16 |    22 |     8 ||    46
       Kick              |     5 |     1 |     7 ||    13
       Headbutt          |     5 |    10 |     1 ||    16
       Hunting sling     |     3 |    45 |       ||    48
       Punch             |     1 |     3 |       ||     4
 Fire: Hunting sling     |       |   114 |    11 ||   125
 Cast: Beastly Appendage |     5 |     5 |     3 ||    13
       Spider Form       |       |       |     1 ||     1
 Abil: Breathe Frost     |       |       |     1 ||     1
  Use: Potion            |       |     3 |     2 ||     5
       Scroll            |       |     6 |     2 ||     8
 Stab: Sleeping          |     1 |       |       ||     1
  Eat: Chunk             |     5 |    14 |       ||    19
       Ration            |       |       |     1 ||     1
Armor: Skin              |    64 |    59 |     4 ||   127
Dodge: Dodged            |    99 |   164 |    20 ||   283
